 Dungeon Crawl Stone Soup version 0.17-a0-1572-g7a1422d (webtiles) character file.

478 karlkraus the Covered (level 6, -2/55 HPs)
             Began as a Minotaur Fighter on July 26, 2015.
             Slain by Stick's ghost (3 damage)
             ... on level 4 of the Dungeon.
             The game lasted 00:08:21 (3172 turns).

karlkraus the Covered (Minotaur Fighter)            Turns: 3172, Time: 00:08:21

Health: -2/55      AC:  9    Str: 22    XL:     6   Next: 86%
Magic:  5/5        EV:  9    Int:  5    God:
Gold:   118        SH: 10    Dex: 10    Spells: 0 memorised, 5 levels left

rFire  . . .     SeeInvis .     a - +0 flail
rCold  . . .     Clarity  .     b - +0 scale mail
rNeg   . . .     SustAt   .     c - +0 shield
rPois  .         Gourm    .     (helmet restricted)
rElec  .         Spirit   .     (no cloak)
rCorr  .         Warding  .     (no gloves)
rMut   .         Stasis   .     (no boots)
MR     .....                    (no amulet)
Stlth  ..........               (no ring)
                                q - +2 ring of protection

@: not resistant to hostile enchantments, extremely unstealthy
A: retaliatory headbutt, horns 2
a: no special abilities


You were on level 4 of the Dungeon.
You were hungry.

You visited 1 branch of the dungeon, and saw 4 of its levels.

You collected 118 gold pieces.

Inventory:

Hand weapons
 a - a +0 flail (weapon)
Armour
 b - a +0 scale mail (worn)
 c - a +0 shield (worn)
Jewellery
 q - a +2 ring of protection (left hand)
Scrolls
 g - 2 scrolls of recharging {unknown}
 i - a scroll of noise {unknown}
 k - 5 scrolls of identify {unknown}
 n - 2 scrolls of enchant weapon {unknown}
 s - a scroll of immolation {unknown}
 t - a scroll of random uselessness {unknown}
 v - 4 scrolls of remove curse
 w - 2 scrolls of teleportation {unknown}
 x - 2 scrolls of blinking {unknown}
Potions
 d - a potion of cancellation {unknown}
 f - a potion of magic {unknown}
 h - a potion of haste {unknown}
 j - a potion of agility {unknown}
 l - a potion of brilliance {unknown}
 r - a potion of mutation {unknown}
Miscellaneous
 p - a plain deck of summoning {drawn: 1}
Comestibles
 e - 2 bread rations
 m - 3 meat rations
 o - 3 beef jerkies
 u - 7 fruits


   Skills:
 + Level 4.8 Fighting
 + Level 4.6 Maces & Flails
 + Level 5.4 Armour
 + Level 3.5 Dodging
 + Level 0.5 Stealth
 + Level 5.0 Shields


You had 5 spell levels left.
You didn't know any spells.

Dungeon Overview and Level Annotations

Branches:
Dungeon (4/15)
 Temple: D:4-7

Altars:
Nemelex Xobeh
Yredelemnul

Shops:
D:4 }

Annotations:
D:4 Stick's ghost, experienced FoFi


Innate Abilities, Weirdness & Mutations

You reflexively headbutt those who attack you in melee.
You have a pair of horns on your head.


Message History

Stick's ghost is severely damaged.
You block Stick's ghost's attack.
You completely miss Stick's ghost. Your headbutt misses Stick's ghost.
Stick's ghost is severely damaged.
Stick's ghost hits you.
* * * LOW HITPOINT WARNING * * *
You hit Stick's ghost but do no damage.
You headbutt Stick's ghost, but do no damage.
Stick's ghost is severely damaged.
Stick's ghost hits you but does no damage.
You block Stick's ghost's attack.
You closely miss Stick's ghost.
Stick's ghost is severely damaged.
Stick's ghost hits you!
* * * LOW HITPOINT WARNING * * *
You hit Stick's ghost.
Stick's ghost is severely damaged.
You hear the brisk rusting of a very distant drain.
Stick's ghost hits you.
You die...

##......# #.. ####.####
#.# ####.# ##.. .....# .(#
# #.#### #)##.# #.†..#
#####....##.# ####.#
#...(.......#
#.##############(#########
#............@W(.#
##################


You could see Stick's ghost.

Vanquished Creatures
  2 ogres
  A hound (D:4)
  An orc wizard (D:3)
  Natasha (thrice) (D:2)
  A worker ant (D:3)
  6 adders
  3 gnolls (D:3)
  An ooze (D:3)
  4 worms
  3 giant geckos
  3 orcs (D:3)
  4 ball pythons
  6 bats
  12 hobgoblins
  12 jackals
  2 quokkas
  A ball python skeleton (D:4)
  4 giant cockroaches
  A giant gecko skeleton (D:4)
  3 giant newts
  2 gnoll zombies (D:2)
  6 goblins
  13 kobolds
  16 rats
110 creatures vanquished.

Notes
Turn   | Place    | Note
--------------------------------------------------------------
     0 | D:1      | karlkraus the Minotaur Fighter began the quest for the Orb.
     0 | D:1      | Reached XP level 1. HP: 19/19 MP: 0/0
   108 | D:1      | Reached XP level 2. HP: 26/26 MP: 1/1
   116 | D:1      | Reached skill level 4 in Armour
   537 | D:1      | Reached XP level 3. HP: 24/33 MP: 2/2
   961 | D:2      | Found a sparkling altar of Nemelex Xobeh.
  1187 | D:2      | Found a basalt altar of Yredelemnul.
  1193 | D:2      | Reached skill level 1 in Dodging
  1290 | D:2      | Reached XP level 4. HP: 25/40 MP: 3/3
  1377 | D:2      | Noticed Natasha
  1390 | D:2      | Killed Natasha
  1535 | D:2      | Found a basalt altar of Yredelemnul.
  1709 | D:2      | Noticed Natasha
  1717 | D:2      | Killed Natasha
  1722 | D:2      | Noticed Natasha
  1734 | D:2      | Killed Natasha
  1734 | D:2      | Reached XP level 5. HP: 16/46 MP: 4/4
  2118 | D:3      | Noticed an ogre
  2125 | D:3      | Killed an ogre
  2125 | D:3      | Reached skill level 5 in Armour
  2258 | D:3      | Reached XP level 6. HP: 49/52 MP: 5/5
  2880 | D:4      | Found Yhuth's Gadget Shoppe.
  2996 | D:4      | Reached skill level 5 in Shields
  3123 | D:4      | Noticed Stick's ghost (experienced FoFi)
  3171 | D:4      | HP: 1/55 [Stick's ghost (8)]
  3172 | D:4      | Slain by Stick's ghost

Vault maps used:
D:1:      dpeg_arrival_boxes_within_box, corexii_hall_statues_deadend,
          columned_hall_lemuel, roderic_lattice_a
D:2:      lemuel_zombie_altar_yredelemnul, kennysheep_flooded_box, nemelex_deck,
          uniq_natasha
D:3:      first_bread
D:4:      portal_sewer_entry_a, serial_shops,
          nicolae_shop_temple_entry_statues_fountains

Action                   |  1- 3 |  4- 6 || total
-------------------------+-------+-------++-------
Melee: Flail             |   111 |   223 ||   334
Evoke: Deck              |     1 |       ||     1
  Use: Potion            |       |     1 ||     1
       Scroll            |       |     1 ||     1
 Stab: Distracted        |       |     1 ||     1
  Eat: Chunk             |     1 |     6 ||     7
